 Dungeon Crawl Stone Soup version 0.29.1-15-g9cfb28693d (webtiles) character file.

Game seed: 8421996324352122575

159 croobank the Trooper (level 5, -3/46 HPs)
             Began as a Ghoul Monk on Feb 24, 2023.
             Was a Priest of Qazlal.
             Slain by an iguana (11 damage)
             ... on level 4 of the Dungeon.
             The game lasted 00:06:09 (2539 turns).

croobank the Trooper (Ghoul Monk)                   Turns: 2539, Time: 00:06:09

Health: -3/46      AC:  3    Str: 17    XL:     5   Next: 40%
Magic:  5/5        EV: 12    Int: 17    God:    Qazlal [***...]
Gold:   146        SH:  4    Dex: 11    Spells: 4/4 levels left

rFire   . . .      SeeInvis .   a - +0 mace
rCold   + . .      Faith    .   (no shield)
rNeg    + + +      Spirit   .   b - +1 robe {Will+}
rPois   ∞          Reflect  .   (no helmet)
rElec   .          Harm     .   (no cloak)
rCorr   .          Rampage  .   (no gloves)
Will    +....                   (no boots)
Stlth   ++........              (no amulet)
HPRegen 0.00/turn               d - +6 ring of intelligence
MPRegen 0.09/turn               i - +6 ring of intelligence

@: inhibited regen
A: claws 1, cold resistance 1, negative energy resistance 3, inhibited
regeneration, torment resistance 2, devour on kill
a: Renounce Religion, Upheaval, Elemental Force


You were on level 4 of the Dungeon.
You worshipped Qazlal.
Qazlal was most pleased with you.
You visited 1 branch of the dungeon, and saw 4 of its levels.

You collected 146 gold pieces.

Inventory:

Hand Weapons
 a - a +0 mace (weapon)
 h - a +0 dagger of speed
 n - a +0 hand axe
Armour
 b - a +1 robe of willpower (worn)
Jewellery
 d - a +6 ring of intelligence (left claw)
 i - a +6 ring of intelligence (right claw)
Scrolls
 f - 2 scrolls of enchant weapon {unknown}
 g - a scroll of identify {unknown}
 l - a scroll of magic mapping
 m - 2 scrolls of vulnerability {unknown}
Potions
 e - 2 potions of lignification {unknown}
 j - 2 potions of flight {unknown}
 k - a potion of mutation {unknown}


   Skills:
 + Level 4.3 Fighting
 * Level 3.6 Maces & Flails
 + Level 3.4 Dodging
 - Level 3.0 Stealth
 + Level 1.4 Invocations


You had 4 spell levels left.
You didn't know any spells.
Your spell library was empty.

Dungeon Overview and Level Annotations

Branches:
Dungeon (4/15)             Temple (0/1) D:4

Altars:
Qazlal
Yredelemnul


Innate Abilities, Weirdness & Mutations

You are immune to poison.
You have sharp fingernails.
Your flesh is cold resistant. (rC+)
You are immune to negative energy. (rN+++)
You do not regenerate when monsters are visible.
You are immune to unholy pain and torment.
You thrive by killing the living.


Message History

The iguana is heavily wounded.
The iguana barely misses you.
You hit the iguana.
The iguana is severely wounded.
The iguana closely misses you. The iguana bites you!
You are too injured to fight recklessly!
You are too injured to fight recklessly!
You are too injured to fight recklessly!
You are too injured to fight recklessly!
You barely miss the iguana.
The iguana is heavily wounded.
The iguana barely misses you.
You hit the iguana.
The iguana is almost dead.
The iguana bites you!
* * * LOW HITPOINT WARNING * * *
You barely miss the iguana.
The iguana is almost dead.
The iguana bites you.
* * * LOW HITPOINT WARNING * * *
You are confused.
You feel invigorated. The iguana barely misses you.
You bump into the rock wall.
The iguana misses you. The iguana barely misses you.
You barely miss the iguana.
The iguana is almost dead.
You feel less invigorated.
You feel less confused. The iguana closely misses you. x2
You hit the iguana but do no damage.
The iguana is almost dead.
The iguana misses you.
You hit the iguana but do no damage.
The iguana is almost dead.
The iguana bites you!
* * * LOW HITPOINT WARNING * * *
You hit the iguana but do no damage.
The iguana is almost dead.
The iguana bites you!
You die...

,*,***,,* *##..#*********,*
*,*
,,,,,,,,*****,....,,,,,,,,,,*
*,*
,,,,,,,,**,,,,,..#***********
*,* **,***,,,,,****#.# *,,
*,* *****,* #.######## *,,
*,* #,* #.))[....# **, *,*
##.#####..<####.# ** *,*
#.....##.#.# *,* * *,*
*,**#..l@#.# *,* *,*
#,*##.####.# *,* *,*
#.##...###.#***,********* *,*
#...........,,,,,,,,,,,,, *,*
###....###.#***,***,*****
*,*******#.#### #.#**,**
**,**** **,,,,,,,,..# *,,,,,*
*,,,,, ***,,,,,*##.# *****,**
**,**** ,,,,,,,,**#.#***
**,***,**


You could see an iguana.

Vanquished Creatures
  A scorpion (D:4)
  3 gnolls (D:4)
  2 adders (D:2)
  3 worms (D:2)
  2 dart slugs (D:2)
  An orc (D:4)
  3 endoplasms (D:1)
  5 giant cockroaches
  4 goblins (D:2)
  4 hobgoblins
  3 ball pythons
  4 bats
  3 frilled lizards (D:1)
  2 kobolds
  2 rats
42 creatures vanquished.

Vanquished Creatures (others)
  35 plants (D:2)
35 creatures vanquished.

Grand Total: 77 creatures vanquished

Notes
Turn   | Place    | Note
-------+----------+-------------------------------------------
     0 | D:1      | croobank the Ghoul Monk began the quest for the Orb.
     0 | D:1      | Reached XP level 1. HP: 19/19 MP: 0/0
   195 | D:2      | Reached XP level 2. HP: 7/26 MP: 1/1
   725 | D:2      | Reached XP level 3. HP: 31/33 MP: 2/2
  1261 | D:2      | Found a basalt altar of Yredelemnul.
  1281 | D:2      | Noticed an eye of devastation
  1283 | D:2      | Found a faded altar of an unknown god.
  1285 | D:2      | Noticed a shining eye
  1297 | D:2      | Noticed a great orb of eyes
  1297 | D:2      | Noticed a floating eye
  1305 | D:2      | Prayed at the altar of an unknown god.
  1305 | D:2      | Became a worshipper of Qazlal Stormbringer
  1305 | D:2      | Reached * piety under Qazlal
  1305 | D:2      | Reached ** piety under Qazlal
  1617 | D:2      | Reached *** piety under Qazlal
  1618 | D:2      | Reached XP level 4. HP: 30/40 MP: 3/3
  1838 | D:2      | Reached skill level 4 in Fighting
  2296 | D:4      | Noticed a scorpion
  2311 | D:4      | Killed a scorpion
  2312 | D:4      | Reached skill level 1 in Invocations
  2312 | D:4      | Reached XP level 5. HP: 34/46 MP: 4/4
  2532 | D:4      | HP: 2/46 [iguana (3)]
  2539 | D:4      | Slain by an iguana

Illustrated notes

Levels and vault maps discovered:
D:1:      lemuel_arrival_rhombus, layout_rooms
D:2:      layout_loops_ring, serial_bayou, serial_bayou_pond_a,
          serial_bayou_crossing, serial_bayou_lagoon_b, serial_bayou_pond_c,
          serial_bayou_pond_e, basic_altar,
          hellmonk_ecumenical_altar_watching_god, minmay_worlds_worst_comb
D:3:      layout_basic, tgw_trog, nicolae_overflow_hidden_temple, uniq_sigmund
D:4:      layout_loops_ring, minmay_temple_entry_butterflies,
          gammafunk_ghost_stat_death, hangedman_decor_opposing

Skill      XL: |  1  2  3  4 |
---------------+-------------+-----
Maces & Flails | 3 |  3.6
Dodging        | 3 |  3.4
Stealth        | 3 |  3.0
Fighting       | 4 |  4.3
Invocations    | 1 |  1.4

Action                   |  1- 3 |  4- 6 || total
-------------------------+-------+-------++-------
Melee: Mace              |    64 |    60 ||   124
       Dagger            |    68 |       ||    68
       Punch             |     1 |     2 ||     3
  Use: Scroll            |       |     1 ||     1
       Potion            |       |     1 ||     1
 Stab: Sleeping          |     3 |       ||     3
Armor: Robe              |    16 |     5 ||    21
Dodge: Dodged            |    59 |    40 ||    99
Block: Other             |       |    10 ||    10
